Sabres vs Flames

Created - 5 mars 2020 at 11:41

Goals
1 2 3 T
Sabres 2 1 0 3
Flames 0 2 0 2
Shots
1 2 3 T
Sabres 8 7 6 21
Flames 5 19 12 36

1st period

1. Sabres , Tyler Ennis 5 (Viktor Arvidsson 31, Rickard Rakell 23) at 10:53
2. Sabres , Clayton Keller 16 (Ivan Provorov 12) at 12:27

Penalties :
Rickard Rakell (BUF) for Tripping (Minor) at 13:04, Brandon Manning (CAL) for Tripping (Minor) at 15:14

2nd period

3. Flames , Pavel Zacha 15 (Anders Lee 27) at 6:20
4. Flames , Anders Lee 22 (Sam Reinhart 43, David Krejci 43) at 19:04 (PP)
5. Sabres , Viktor Arvidsson 22 (Andrew MacDonald 4) at 19:22

Penalties :
Erik Gudbranson (BUF) for Hooking (Minor) at 18:48

3rd period

No Goal

Penalties :
No Penalty

Goalie Stats

Martin Jones (BUF), 34 saves from 36 shots - (0,944), W, 22-16-2, 60:00 minutes
Carey Price (CAL), 18 saves from 21 shots - (0,857), L, 23-16-7, 59:01 minutes

Players Stats for Sabres

Player Name              G  A  P  +/- PIM S  H  SB GA TA FO     MP     PP MP  PK MP  
------------------------------------------------------------------------------------
Andre Burakovsky         0  0  0  -1  0   1  0  2  0  2  0/0    13:50   0:00   0:26 
Andrew Copp              0  0  0   1  0   2  2  0  0  0  7/8    13:35   0:00   1:23 
Andrew MacDonald         0  1  1   1  0   1  1  3  0  0  0/0    24:48   0:00   1:12 
Ben Lovejoy              0  0  0   0  0   0  0  0  0  0  0/0     5:23   0:00   0:00 
Clayton Keller           1  0  1   1  0   2  1  1  2  0  0/0    14:32   0:00   0:00 
Erik Gudbranson          0  0  0   1  2   2  0  1  0  1  0/0    17:20   0:46   0:56 
Filip Hronek             0  0  0   0  0   0  1  1  0  1  0/0    25:45   1:13   1:19 
Ivan Provorov            0  1  1   1  0   0  3  3  1  2  0/0    24:00   0:46   1:03 
Joonas Donskoi           0  0  0  -1  0   2  0  1  1  1  1/2    13:19   0:00   0:00 
Josh Anderson            0  0  0   1  0   0  1  0  0  0  1/1    14:08   1:00   0:12 
Kevin Hayes              0  0  0   1  0   4  0  1  1  0  6/13   16:11   0:59   0:35 
Kevin Shattenkirk        0  0  0   1  0   0  2  0  0  0  0/0    19:17   1:13   0:00 
Nicklas Backstrom        0  0  0   1  0   2  1  1  2  0  7/15   16:47   1:00   0:00 
Rickard Rakell           0  1  1   1  2   0  3  0  0  0  2/3    17:08   0:59   0:00 
Ryan Murray              0  0  0   0  0   0  0  1  0  0  0/0     2:09   0:00   0:00 
Thomas Vanek             0  0  0   1  0   0  1  0  0  0  1/1    14:17   0:00   0:00 
Tyler Ennis              1  0  1   1  0   3  0  0  0  0  0/0    11:22   0:00   0:28 
Viktor Arvidsson         1  1  2   1  0   1  1  0  0  0  0/1    17:08   1:00   0:00 
Zach Hyman               0  0  0  -1  0   1  5  1  1  0  1/7    16:44   0:59   1:26 

Players Stats for Flames

Player Name              G  A  P  +/- PIM S  H  SB GA TA FO     MP     PP MP  PK MP  
------------------------------------------------------------------------------------
Alex Chiasson            0  0  0   1  0   2  2  0  2  0  0/1    16:02   0:56   0:00 
Anders Lee               1  1  2  -1  0   4  0  0  2  1  0/2    20:58   1:19   0:00 
Brandon Manning          0  0  0  -1  2   1  0  0  0  2  0/0    12:39   0:00   0:00 
David Kampf              0  0  0  -1  0   0  1  0  0  0  3/3    12:40   0:00   0:20 
David Krejci             0  1  1  -1  0   4  1  0  0  0  12/30  20:59   1:19   0:00 
David Savard             0  0  0  -1  0   4  1  0  0  0  0/0    26:04   0:52   0:34 
Drew Doughty             0  0  0  -1  0   1  2  3  0  0  0/0    25:22   1:23   0:34 
Jeff Carter              0  0  0   1  0   2  1  1  1  0  4/6    16:02   0:56   0:00 
Kevan Miller             0  0  0  -1  0   1  0  0  0  0  0/0    13:57   0:00   1:25 
Leo Komarov              0  0  0  -1  0   1  0  1  0  0  0/0    10:52   0:00   1:18 
Nate Thompson            0  0  0  -1  0   0  2  0  1  0  4/4    10:20   0:00   1:18 
Nick Bjugstad            0  0  0  -1  0   0  0  0  0  0  0/0    11:28   0:00   0:00 
Nick Jensen              0  0  0   0  0   0  2  0  0  0  0/0    19:23   0:52   1:25 
Pavel Zacha              1  0  1   1  0   4  0  0  0  2  0/0    15:46   0:00   0:41 
Ryan Donato              0  0  0  -1  0   5  0  0  1  2  0/1    13:41   0:56   0:21 
Sam Reinhart             0  1  1  -1  0   5  2  0  0  0  1/3    21:01   1:19   0:00 
Victor Hedman            0  0  0   0  0   2  1  1  0  1  0/0    22:19   1:23   0:00 
Victor Rask              0  0  0  -1  0   0  0  0  0  0  1/1     8:27   0:00   0:00 

3 Stars

1 - Viktor Arvidsson (BUF)
2 - Martin Jones (BUF)
3 - Clayton Keller (BUF)

Power Play

Sabres - 0 on 1 Attempt(s) - 0,00%
Flames - 1 on 2 Attempt(s) - 50,00%

Penalty Kill

Sabres - 1 on 2 Attempt(s) - 50,00% - Score 0 goal in Penalty Kill
Flames - 1 on 1 Attempt(s) - 100,00% - Score 0 goal in Penalty Kill

Team Stat

Sabres - Hits : 22 - Faceoff Wins : 26 - Blocked Shots : 16 - Penalty Minutes : 4
Flames - Hits : 15 - Faceoff Wins : 25 - Blocked Shots : 6 - Penalty Minutes : 2

Official

Referees : Gord Dwyer and Steve Kozari
Linesman : Brandon Gawryletz and Steve Barton

Game Notes

Ryan Murray is injured at 6:54 of 1st period (Sprained Left Knee)

Finance

Level 1 -- Attendance: 4289 (71,48%) -- Ticket Income 428 900 $
Level 2 -- Attendance: 5000 (100,00%) -- Ticket Income 300 000 $
Level 3 -- Attendance: 2000 (100,00%) -- Ticket Income 70 000 $
Level 4 -- Attendance: 3897 (97,43%) -- Ticket Income 77 940 $
Luxury Box -- Attendance: 690 (69,00%) -- Ticket Income 138 000 $
Game was played at the Ghost Rider Center.
Total Attendance: 15876 (88,20%)
Total Ticket Income: 1 014 840 $
Other Income: 497 272 $
Total Income: 1 512 112 $

Sabres

5 vs 5 Forward 
   Center                   Left Wing                Right Wing               Time % Phy DF OF 
 1 Nicklas Backstrom        Viktor Arvidsson         Rickard Rakell           30     0   2  3  
 2 Kevin Hayes              Clayton Keller           Thomas Vanek             27     0   2  3  
 3 Zach Hyman               Joonas Donskoi           Andre Burakovsky         23     0   2  3  
 4 Andrew Copp              Tyler Ennis              Josh Anderson            20     0   3  2  

5 vs 5 Defense 
   Defense                  Defense                                           Time % Phy DF OF 
 1 Ivan Provorov            Filip Hronek                                      38     0   3  2  
 2 Ryan Murray              Kevin Shattenkirk                                 35     0   3  2  
 3 Andrew MacDonald         Erik Gudbranson                                   27     0   3  2  
 4 Andrew MacDonald         Erik Gudbranson                                   0      0   3  2  

PowerPlay Forward 
   Center                   Left Wing                Right Wing               Time % Phy DF OF 
 1 Nicklas Backstrom        Josh Anderson            Viktor Arvidsson         60     0   0  5  
 2 Kevin Hayes              Rickard Rakell           Zach Hyman               40     0   0  5  

PowerPlay Defense
   Defense                  Defense                                           Time % Phy DF OF 
 1 Filip Hronek             Kevin Shattenkirk                                 59     0   1  4  
 2 Ryan Murray              Ivan Provorov                                     41     0   1  4  

Penalty Kill 4 Players Forward 
   Center                   Wing                     Time % Phy DF OF 
 1 Andrew Copp              Zach Hyman               65     0   4  1  
 2 Kevin Hayes              Josh Anderson            35     1   4  0  

Penalty Kill 4 Players Defense
   Defense                  Defense                  Time % Phy DF OF 
 1 Andrew MacDonald         Erik Gudbranson          65     0   5  0  
 2 Ivan Provorov            Ryan Murray              35     0   5  0  

Penalty Kill - 3 Players Forward 
   Forward                                           Time % Phy DF OF 
 1 Andrew Copp                                       60     0   5  0  
 2 Kevin Hayes                                       40     0   5  0  

Penalty Kill - 3 Players Defense
   Defense                  Defense                  Time % Phy DF OF 
 1 Erik Gudbranson          Andrew MacDonald         60     0   5  0  
 2 Ivan Provorov            Ryan Murray              40     0   5  0  

4 vs 4 Forward 
   Center                   Wing                     Time % Phy DF OF 
 1 Andrew Copp              Joonas Donskoi           50     1   1  3  
 2 Kevin Hayes              Andre Burakovsky         50     1   1  3  

4 vs 4 Defense
   Defense                  Defense                  Time % Phy DF OF 
 1 Andrew MacDonald         Filip Hronek             50     1   2  2  
 2 Ryan Murray              Kevin Shattenkirk        50     1   2  2  

Last Minutes Offensive
   Center                   Left Wing                Right Wing               Defense                  Defense                  
   Nicklas Backstrom        Clayton Keller           Viktor Arvidsson         Filip Hronek             Ivan Provorov            

Last Minutes Defensive
   Center                   Left Wing                Right Wing               Defense                  Defense                  
   Kevin Hayes              Josh Anderson            Zach Hyman               Andrew MacDonald         Ivan Provorov            

Goaltenders
Starting : Martin Jones             
Backup : James Reimer             

Extra Forwards
Normal : Joonas Donskoi, Zach Hyman, Rickard Rakell - PP : Tyler Ennis, Joonas Donskoi - PK : Tyler Ennis
Extra Defensemen
Normal : Kevin Shattenkirk, Filip Hronek, Ivan Provorov - PP : Erik Gudbranson - PK : Filip Hronek, Ivan Provorov
Penalty Shots
Kevin Shattenkirk, Andrew MacDonald, Erik Gudbranson, Andrew Copp, Nicklas Backstrom
Custom OT Lines Forwards
Kevin Hayes, Nicklas Backstrom, Viktor Arvidsson, Rickard Rakell, Clayton Keller, Zach Hyman, Josh Anderson, Andre Burakovsky, Tyler Ennis, Andrew Copp
Custom OT Lines Defensemen
Kevin Shattenkirk, Filip Hronek, Ivan Provorov, Ryan Murray, Erik Gudbranson

Scratches
Rasmus Dahlin (Healthy), Pheonix Copley (Healthy)

Flames

5 vs 5 Forward 
   Center                   Left Wing                Right Wing               Time % Phy DF OF 
 1 David Krejci             Anders Lee               Sam Reinhart             40     0   1  4  
 2 Jeff Carter              Pavel Zacha              Alex Chiasson            30     0   2  3  
 3 David Kampf              Ryan Donato              Nick Bjugstad            20     1   2  2  
 4 Victor Rask              Nate Thompson            Leo Komarov              10     1   3  1  

5 vs 5 Defense 
   Defense                  Defense                                           Time % Phy DF OF 
 1 David Savard             Drew Doughty                                      40     0   2  3  
 2 Victor Hedman            Nick Jensen                                       30     1   2  2  
 3 Brandon Manning          Kevan Miller                                      20     2   2  1  
 4 David Savard             Victor Hedman                                     10     0   2  3  

PowerPlay Forward 
   Center                   Left Wing                Right Wing               Time % Phy DF OF 
 1 David Krejci             Anders Lee               Sam Reinhart             60     0   0  5  
 2 Jeff Carter              Ryan Donato              Alex Chiasson            40     0   1  4  

PowerPlay Defense
   Defense                  Defense                                           Time % Phy DF OF 
 1 Drew Doughty             Victor Hedman                                     60     0   1  4  
 2 Nick Jensen              David Savard                                      40     0   1  4  

Penalty Kill 4 Players Forward 
   Center                   Wing                     Time % Phy DF OF 
 1 Nate Thompson            Leo Komarov              60     1   4  0  
 2 David Kampf              Pavel Zacha              40     0   4  1  

Penalty Kill 4 Players Defense
   Defense                  Defense                  Time % Phy DF OF 
 1 Kevan Miller             Nick Jensen              60     1   4  0  
 2 David Savard             Drew Doughty             40     1   4  0  

Penalty Kill - 3 Players Forward 
   Forward                                           Time % Phy DF OF 
 1 Nate Thompson                                     60     0   5  0  
 2 Pavel Zacha                                       40     0   5  0  

Penalty Kill - 3 Players Defense
   Defense                  Defense                  Time % Phy DF OF 
 1 Nick Jensen              Kevan Miller             60     0   5  0  
 2 David Savard             Drew Doughty             40     0   5  0  

4 vs 4 Forward 
   Center                   Wing                     Time % Phy DF OF 
 1 David Krejci             Sam Reinhart             60     0   2  3  
 2 Jeff Carter              Anders Lee               40     0   2  3  

4 vs 4 Defense
   Defense                  Defense                  Time % Phy DF OF 
 1 Victor Hedman            Drew Doughty             60     0   2  3  
 2 David Savard             Kevan Miller             40     0   3  2  

Last Minutes Offensive
   Center                   Left Wing                Right Wing               Defense                  Defense                  
   David Krejci             Anders Lee               Sam Reinhart             Drew Doughty             Victor Hedman            

Last Minutes Defensive
   Center                   Left Wing                Right Wing               Defense                  Defense                  
   Nate Thompson            Leo Komarov              David Kampf              Kevan Miller             Nick Jensen              

Goaltenders
Starting : Carey Price              
Backup : Curtis McElhinney        

Extra Forwards
Normal : Sam Reinhart, David Krejci, Anders Lee - PP : Sam Reinhart, Nick Bjugstad - PK : Pavel Zacha
Extra Defensemen
Normal : Drew Doughty, Victor Hedman, Nick Jensen - PP : Victor Hedman - PK : David Savard, Nick Jensen
Penalty Shots
Sam Reinhart, David Kampf, Nick Bjugstad, David Savard, Brandon Manning
Custom OT Lines Forwards
Sam Reinhart, Anders Lee, David Krejci, Alex Chiasson, Jeff Carter, Pavel Zacha, Nick Bjugstad, Ryan Donato, Nate Thompson, David Kampf
Custom OT Lines Defensemen
Drew Doughty, Victor Hedman, David Savard, Nick Jensen, Kevan Miller

Scratches
Reid Petryk (Healthy), John Ramage (Healthy), Alex Biega (Healthy)

% Time on Ice - Sabres

Lines # - Real PCT - Wanted PCT - Time Play
Normal Forward
1 - 29% - 30% - 15:47
2 - 30% - 27% - 16:09
3 - 22% - 23% - 12:17
4 - 19% - 20% - 10:28
Normal Defense
1 - 34% - 38% - 18:38
2 - 42% - 35% - 23:02
3 - 23% - 27% - 12:45
4 - 0% - 0% - 0:16
PP Forward
1 - 50% - 60% - 1:00
2 - 50% - 40% - 0:59
PP Defense
1 - 61% - 59% - 1:13
2 - 39% - 41% - 0:46
PK Forward
1 - 91% - 65% - 2:03
2 - 9% - 35% - 0:12
PK Defense
1 - 53% - 65% - 1:12
2 - 47% - 35% - 1:03
PK3 Forward
1 - 0% - 60%
2 - 0% - 40%
PK3 Defense
1 - 0% - 60%
2 - 0% - 40%
44 Forward
1 - 0% - 50%
2 - 0% - 50%
44 Defense
1 - 0% - 50%
2 - 0% - 50%
Last Minute Offensive  - 0:00
Last Minute Defensive  - 1:05
Total
Forward - 60:00
Defense - 60:00

% Time on Ice - Flames

Lines # - Real PCT - Wanted PCT - Time Play
Normal Forward
1 - 33% - 40% - 17:45
2 - 31% - 30% - 17:08
3 - 21% - 20% - 11:11
4 - 15% - 10% - 8:27
Normal Defense
1 - 40% - 40% - 21:54
2 - 31% - 30% - 16:50
3 - 23% - 20% - 12:32
4 - 6% - 10% - 3:15
PP Forward
1 - 59% - 60% - 1:19
2 - 41% - 40% - 0:56
PP Defense
1 - 61% - 60% - 1:23
2 - 39% - 40% - 0:52
PK Forward
1 - 83% - 60% - 1:39
2 - 17% - 40% - 0:20
PK Defense
1 - 71% - 60% - 1:25
2 - 29% - 40% - 0:34
PK3 Forward
1 - 0% - 60%
2 - 0% - 40%
PK3 Defense
1 - 0% - 60%
2 - 0% - 40%
44 Forward
1 - 0% - 60%
2 - 0% - 40%
44 Defense
1 - 0% - 60%
2 - 0% - 40%
Last Minute Offensive  - 1:15
Last Minute Defensive  - 0:00
Total
Forward - 60:00
Defense - 60:00

Play-by-Play

1st period


0:01 of 1st period - Nicklas Backstrom wins face-off versus David Krejci in neutral zone.
0:03 of 1st period - Off-side.
0:04 of 1st period - David Krejci wins face-off versus Nicklas Backstrom in neutral zone.
0:07 of 1st period - Ivan Provorov is hit by David Savard and loses puck.
0:36 of 1st period - Wrist shot by Kevin Hayes.
0:36 of 1st period - Shot Blocked by Drew Doughty.
1:27 of 1st period - Slapshot by Tyler Ennis.
1:27 of 1st period - Shot Blocked by Leo Komarov.
2:23 of 1st period - Slapshot by Ryan Donato.
2:23 of 1st period - Shot Blocked by Andrew MacDonald.
2:49 of 1st period - Snap shot by Tyler Ennis.
2:49 of 1st period - Stopped by Carey Price with a rebound.
3:05 of 1st period - Wrist shot by Joonas Donskoi.
3:05 of 1st period - Stopped by Carey Price with a rebound.
3:11 of 1st period - Snap shot by Anders Lee.
3:11 of 1st period - Shot Misses the Net.
3:13 of 1st period - Snap shot by Brandon Manning.
3:13 of 1st period - Shot Misses the Net.
3:15 of 1st period - Backhand shot by Brandon Manning.
3:15 of 1st period - Deflect By Ivan Provorov.
3:15 of 1st period - Stopped by Martin Jones with a rebound.
4:54 of 1st period - Ivan Provorov is hit by Jeff Carter and loses puck.
4:59 of 1st period - Snap shot by Alex Chiasson.
4:59 of 1st period - Shot Misses the Net.
5:01 of 1st period - Wrist shot by Jeff Carter.
5:01 of 1st period - Shot Misses the Net.
5:42 of 1st period - Snap shot by Ryan Donato.
5:42 of 1st period - Shot Misses the Net.
6:54 of 1st period - Wrist shot by Victor Rask.
6:54 of 1st period - Shot Blocked by Ryan Murray.
6:54 of 1st period - Ryan Murray from Sabres is injured at 6:54 of 1st period (Sprained Left Knee).
6:55 of 1st period - David Krejci wins face-off versus Nicklas Backstrom in Sabres zone.
8:14 of 1st period - Snap shot by Clayton Keller.
8:14 of 1st period - Shot Misses the Net.
8:32 of 1st period - Victor Hedman is hit by Andrew Copp and loses puck.
8:37 of 1st period - Wrist shot by Josh Anderson.
8:37 of 1st period - Deflect By Tyler Ennis.
8:37 of 1st period - Shot Blocked by Victor Hedman.
8:37 of 1st period - Puck is out of play.
8:38 of 1st period - David Krejci wins face-off versus Kevin Hayes in Flames zone.
8:47 of 1st period - Wrist shot by Sam Reinhart.
8:47 of 1st period - Shot Misses the Net.
8:49 of 1st period - Slapshot by Brandon Manning.
8:49 of 1st period - Shot Blocked by Kevin Hayes.
9:14 of 1st period - Snap shot by Victor Hedman.
9:14 of 1st period - Shot Misses the Net.
9:44 of 1st period - Drew Doughty is hit by Clayton Keller and loses puck.
9:53 of 1st period - Kevin Hayes is hit by Nate Thompson.
9:57 of 1st period - Ivan Provorov is hit by Drew Doughty and loses puck.
10:08 of 1st period - Snap shot by Zach Hyman.
10:08 of 1st period - Shot Misses the Net.
10:39 of 1st period - Snap shot by Alex Chiasson.
10:39 of 1st period - Shot Blocked by Ivan Provorov.
10:53 of 1st period - Slapshot by Tyler Ennis.
10:53 of 1st period - Goal by Tyler Ennis - Sabres : 1 - Flames : 0.
10:54 of 1st period - Thomas Vanek wins face-off versus David Krejci in neutral zone.
11:42 of 1st period - Wrist shot by Ryan Donato.
11:42 of 1st period - Stopped by Martin Jones with a rebound.
11:48 of 1st period - Nick Jensen is hit by Rickard Rakell and loses puck.
12:01 of 1st period - Snap shot by Sam Reinhart.
12:01 of 1st period - Shot Blocked by Ivan Provorov.
12:03 of 1st period - Snap shot by Anders Lee.
12:03 of 1st period - Shot Misses the Net.
12:27 of 1st period - Snap shot by Clayton Keller.
12:27 of 1st period - Goal by Clayton Keller - Sabres : 2 - Flames : 0.
12:28 of 1st period - David Krejci wins face-off versus Zach Hyman in neutral zone.
12:41 of 1st period - Wrist shot by Anders Lee.
12:41 of 1st period - Stopped by Martin Jones without a rebound.
12:42 of 1st period - Rickard Rakell wins face-off versus David Krejci in Sabres zone.
13:04 of 1st period - Minor Penalty to Rickard Rakell for Tripping.
13:05 of 1st period - Andrew Copp wins face-off versus Sam Reinhart in Sabres zone.
13:41 of 1st period - Filip Hronek is hit by Alex Chiasson and loses puck.
13:48 of 1st period - Drew Doughty is hit by Ivan Provorov.
14:06 of 1st period - Snap shot by Kevin Hayes.
14:06 of 1st period - Stopped by Carey Price without a rebound.
14:07 of 1st period - Andrew Copp wins face-off versus David Krejci in Flames zone.
15:04 of 1st period - Penalty to Rickard Rakell is over, Rickard Rakell is back on ice.
15:11 of 1st period - Icing by Andre Burakovsky.
15:12 of 1st period - Nate Thompson wins face-off versus Rickard Rakell in Sabres zone.
15:14 of 1st period - Minor Penalty to Brandon Manning for Tripping.
15:15 of 1st period - Nate Thompson wins face-off versus Nicklas Backstrom in Flames zone.
15:46 of 1st period - Slapshot by Kevin Hayes.
15:46 of 1st period - Shot Misses the Net.
15:48 of 1st period - Slapshot by Erik Gudbranson.
15:48 of 1st period - Stopped by Carey Price without a rebound.
15:49 of 1st period - Nate Thompson wins face-off versus Kevin Hayes in Flames zone.
16:15 of 1st period - Wrist shot by Kevin Hayes.
16:15 of 1st period - Stopped by Carey Price without a rebound.
16:16 of 1st period - Nate Thompson wins face-off versus Nicklas Backstrom in Flames zone.
16:55 of 1st period - Slapshot by Ryan Donato.
16:55 of 1st period - Stopped by Martin Jones with a rebound.
17:14 of 1st period - Penalty to Brandon Manning is over, Brandon Manning is back on ice.
18:05 of 1st period - Snap shot by Sam Reinhart.
18:05 of 1st period - Shot Misses the Net.
18:07 of 1st period - Slapshot by Kevan Miller.
18:07 of 1st period - Stopped by Martin Jones without a rebound.
18:08 of 1st period - Kevin Hayes wins face-off versus David Krejci in Sabres zone.
18:19 of 1st period - Slapshot by Victor Hedman.
18:19 of 1st period - Deflect By David Krejci.
18:19 of 1st period - Shot Blocked by Andrew MacDonald.
18:19 of 1st period - Puck is out of play.
18:20 of 1st period - David Krejci wins face-off versus Viktor Arvidsson in Sabres zone.
18:36 of 1st period - Wrist shot by Nicklas Backstrom.
18:36 of 1st period - Shot Misses the Net.
18:54 of 1st period - Snap shot by Clayton Keller.
18:54 of 1st period - Stopped by Carey Price with a rebound.
19:40 of 1st period - Wrist shot by Tyler Ennis.
19:40 of 1st period - Shot Blocked by Drew Doughty.
19:50 of 1st period - Victor Rask is hit by Rickard Rakell and loses puck.
Goals for this period are 2 for Sabres vs 0 for Flames.
Shots for this period are 8 for Sabres vs 5 for Flames.

2nd period


0:01 of 2nd period - David Krejci wins face-off versus Kevin Hayes in neutral zone.
0:11 of 2nd period - Icing by David Krejci.
0:12 of 2nd period - David Krejci wins face-off versus Zach Hyman in Flames zone.
0:25 of 2nd period - Slapshot by Joonas Donskoi.
0:25 of 2nd period - Stopped by Carey Price with a rebound.
0:39 of 2nd period - Slapshot by Pavel Zacha.
0:39 of 2nd period - Stopped by Martin Jones without a rebound.
0:40 of 2nd period - Jeff Carter wins face-off versus Kevin Hayes in Sabres zone.
1:03 of 2nd period - Kevin Hayes is hit by Sam Reinhart.
1:44 of 2nd period - Victor Hedman is hit by Zach Hyman.
1:54 of 2nd period - Wrist shot by Pavel Zacha.
1:54 of 2nd period - Deflect By Alex Chiasson.
1:54 of 2nd period - Stopped by Martin Jones with a rebound.
2:37 of 2nd period - Snap shot by David Krejci.
2:37 of 2nd period - Stopped by Martin Jones with a rebound.
2:49 of 2nd period - Snap shot by Pavel Zacha.
2:49 of 2nd period - Deflect By Alex Chiasson.
2:49 of 2nd period - Shot Misses the Net.
2:49 of 2nd period - Puck is out of play.
2:50 of 2nd period - Jeff Carter wins face-off versus Zach Hyman in Sabres zone.
2:57 of 2nd period - Wrist shot by Pavel Zacha.
2:57 of 2nd period - Stopped by Martin Jones with a rebound.
3:46 of 2nd period - Snap shot by Tyler Ennis.
3:46 of 2nd period - Stopped by Carey Price with a rebound.
3:48 of 2nd period - Slapshot by Kevin Shattenkirk.
3:48 of 2nd period - Shot Misses the Net.
4:26 of 2nd period - Wrist shot by Jeff Carter.
4:26 of 2nd period - Shot Blocked by Andre Burakovsky.
4:40 of 2nd period - Wrist shot by Leo Komarov.
4:40 of 2nd period - Stopped by Martin Jones with a rebound.
4:42 of 2nd period - Wrist shot by David Savard.
4:42 of 2nd period - Stopped by Martin Jones with a rebound.
4:44 of 2nd period - Slapshot by David Savard.
4:44 of 2nd period - Shot Misses the Net.
4:46 of 2nd period - Slapshot by David Savard.
4:46 of 2nd period - Shot Blocked by Clayton Keller.
4:48 of 2nd period - Slapshot by David Savard.
4:48 of 2nd period - Deflect By Nate Thompson.
4:48 of 2nd period - Shot Misses the Net.
4:48 of 2nd period - Puck is out of play.
4:49 of 2nd period - Nicklas Backstrom wins face-off versus David Krejci in Sabres zone.
4:54 of 2nd period - Drew Doughty is hit by Rickard Rakell and loses puck.
5:24 of 2nd period - Snap shot by Alex Chiasson.
5:24 of 2nd period - Shot Blocked by Andrew MacDonald.
5:59 of 2nd period - Nate Thompson is hit by Ivan Provorov and loses puck.
6:20 of 2nd period - Snap shot by Pavel Zacha.
6:20 of 2nd period - Goal by Pavel Zacha - Sabres : 2 - Flames : 1.
6:21 of 2nd period - Nicklas Backstrom wins face-off versus David Krejci in neutral zone.
6:26 of 2nd period - Wrist shot by Sam Reinhart.
6:26 of 2nd period - Stopped by Martin Jones with a rebound.
6:28 of 2nd period - Slapshot by Sam Reinhart.
6:28 of 2nd period - Deflect By Nicklas Backstrom.
6:28 of 2nd period - Stopped by Martin Jones with a rebound.
6:30 of 2nd period - Wrist shot by David Savard.
6:30 of 2nd period - Stopped by Martin Jones with a rebound.
6:32 of 2nd period - Wrist shot by David Krejci.
6:32 of 2nd period - Stopped by Martin Jones without a rebound.
6:33 of 2nd period - David Krejci wins face-off versus Nicklas Backstrom in Sabres zone.
6:40 of 2nd period - Wrist shot by Sam Reinhart.
6:40 of 2nd period - Deflect By Anders Lee.
6:40 of 2nd period - Shot Blocked by Nicklas Backstrom.
6:40 of 2nd period - Puck is out of play.
6:41 of 2nd period - Nicklas Backstrom wins face-off versus Anders Lee in Sabres zone.
7:02 of 2nd period - Snap shot by David Krejci.
7:02 of 2nd period - Stopped by Martin Jones without a rebound.
7:03 of 2nd period - Jeff Carter wins face-off versus Kevin Hayes in Sabres zone.
7:04 of 2nd period - Snap shot by Pavel Zacha.
7:04 of 2nd period - Stopped by Martin Jones with a rebound.
8:01 of 2nd period - Snap shot by Ryan Donato.
8:01 of 2nd period - Stopped by Martin Jones with a rebound.
8:22 of 2nd period - Off-side.
8:23 of 2nd period - Kevin Hayes wins face-off versus David Krejci in neutral zone.
8:26 of 2nd period - Drew Doughty is hit by Ivan Provorov and loses puck.
9:13 of 2nd period - David Savard is hit by Viktor Arvidsson and loses puck.
9:53 of 2nd period - Icing by Sam Reinhart.
9:54 of 2nd period - David Krejci wins face-off versus Kevin Hayes in Flames zone.
11:06 of 2nd period - Nate Thompson is hit by Zach Hyman.
11:10 of 2nd period - Nate Thompson is hit by Zach Hyman and loses puck.
11:38 of 2nd period - Drew Doughty is hit by Thomas Vanek and loses puck.
12:42 of 2nd period - Snap shot by Leo Komarov.
12:42 of 2nd period - Shot Blocked by Erik Gudbranson.
13:06 of 2nd period - Wrist shot by Andre Burakovsky.
13:06 of 2nd period - Shot Misses the Net.
13:36 of 2nd period - Icing by Viktor Arvidsson.
13:37 of 2nd period - Victor Rask wins face-off versus Nicklas Backstrom in Sabres zone.
13:50 of 2nd period - Rickard Rakell is hit by Nate Thompson and loses puck.
14:23 of 2nd period - Wrist shot by Nicklas Backstrom.
14:23 of 2nd period - Stopped by Carey Price without a rebound.
14:24 of 2nd period - Kevin Hayes wins face-off versus David Krejci in Flames zone.
14:39 of 2nd period - Snap shot by Kevin Hayes.
14:39 of 2nd period - Stopped by Carey Price without a rebound.
14:40 of 2nd period - Jeff Carter wins face-off versus Zach Hyman in Flames zone.
15:11 of 2nd period - Filip Hronek is hit by David Krejci and loses puck.
15:18 of 2nd period - Sam Reinhart is hit by Filip Hronek and loses puck.
15:37 of 2nd period - Icing by David Kampf.
15:38 of 2nd period - David Kampf wins face-off versus Zach Hyman in Flames zone.
15:38 of 2nd period - David Kampf is hit by Andrew MacDonald.
15:52 of 2nd period - Backhand shot by Ryan Donato.
15:52 of 2nd period - Stopped by Martin Jones with a rebound.
15:54 of 2nd period - Wrist shot by Ryan Donato.
15:54 of 2nd period - Stopped by Martin Jones without a rebound.
15:55 of 2nd period - Nicklas Backstrom wins face-off versus David Krejci in Sabres zone.
16:25 of 2nd period - Snap shot by Jeff Carter.
16:25 of 2nd period - Stopped by Martin Jones with a rebound.
16:35 of 2nd period - Snap shot by Pavel Zacha.
16:35 of 2nd period - Deflect By Alex Chiasson.
16:35 of 2nd period - Shot Misses the Net.
16:35 of 2nd period - Puck is out of play.
16:36 of 2nd period - David Kampf wins face-off versus Joonas Donskoi in Sabres zone.
17:32 of 2nd period - Off-side.
17:33 of 2nd period - David Krejci wins face-off versus Nicklas Backstrom in neutral zone.
17:50 of 2nd period - Snap shot by Nicklas Backstrom.
17:50 of 2nd period - Shot Misses the Net.
18:07 of 2nd period - Off-side.
18:08 of 2nd period - Josh Anderson wins face-off versus Alex Chiasson in neutral zone.
18:15 of 2nd period - Snap shot by Andrew Copp.
18:15 of 2nd period - Stopped by Carey Price without a rebound.
18:16 of 2nd period - Andrew Copp wins face-off versus Jeff Carter in Flames zone.
18:48 of 2nd period - Minor Penalty to Erik Gudbranson for Hooking.
18:49 of 2nd period - Andrew Copp wins face-off versus David Krejci in Sabres zone.
19:00 of 2nd period - Snap shot by David Krejci.
19:00 of 2nd period - Stopped by Martin Jones with a rebound.
19:04 of 2nd period - Snap shot by Anders Lee.
19:04 of 2nd period - Goal by Anders Lee - Sabres : 2 - Flames : 2.
19:05 of 2nd period - David Krejci wins face-off versus Nicklas Backstrom in neutral zone.
19:22 of 2nd period - Snap shot by Viktor Arvidsson.
19:22 of 2nd period - Goal by Viktor Arvidsson - Sabres : 3 - Flames : 2.
19:23 of 2nd period - Sam Reinhart wins face-off versus Zach Hyman in neutral zone.
19:36 of 2nd period - Snap shot by Zach Hyman.
19:36 of 2nd period - Stopped by Carey Price without a rebound.
19:37 of 2nd period - David Krejci wins face-off versus Kevin Hayes in Flames zone.
19:47 of 2nd period - Icing by Filip Hronek.
19:48 of 2nd period - Kevin Hayes wins face-off versus Anders Lee in Sabres zone.
Goals for this period are 1 for Sabres vs 2 for Flames.
Shots for this period are 7 for Sabres vs 19 for Flames.

3rd period


0:01 of 3rd period - Nicklas Backstrom wins face-off versus David Krejci in neutral zone.
0:32 of 3rd period - Snap shot by Ryan Donato.
0:32 of 3rd period - Shot Misses the Net.
0:34 of 3rd period - Snap shot by Victor Hedman.
0:34 of 3rd period - Stopped by Martin Jones with a rebound.
0:38 of 3rd period - Snap shot by Victor Hedman.
0:38 of 3rd period - Stopped by Martin Jones without a rebound.
0:39 of 3rd period - Zach Hyman wins face-off versus David Krejci in Sabres zone.
0:39 of 3rd period - Zach Hyman is hit by Sam Reinhart.
1:17 of 3rd period - Snap shot by Clayton Keller.
1:17 of 3rd period - Shot Blocked by Drew Doughty.
1:19 of 3rd period - Slapshot by Andrew MacDonald.
1:19 of 3rd period - Stopped by Carey Price without a rebound.
1:20 of 3rd period - David Kampf wins face-off versus Andrew Copp in Flames zone.
1:58 of 3rd period - Wrist shot by Alex Chiasson.
1:58 of 3rd period - Shot Misses the Net.
2:45 of 3rd period - Icing by Brandon Manning.
2:46 of 3rd period - Joonas Donskoi wins face-off versus Ryan Donato in Flames zone.
3:14 of 3rd period - Wrist shot by Alex Chiasson.
3:14 of 3rd period - Shot Misses the Net.
3:22 of 3rd period - Wrist shot by Joonas Donskoi.
3:22 of 3rd period - Shot Misses the Net.
3:24 of 3rd period - Slapshot by Andre Burakovsky.
3:24 of 3rd period - Stopped by Carey Price without a rebound.
3:25 of 3rd period - Kevin Hayes wins face-off versus David Krejci in Flames zone.
3:51 of 3rd period - Viktor Arvidsson is hit by Alex Chiasson.
5:01 of 3rd period - Ryan Donato is hit by Kevin Shattenkirk and loses puck.
5:12 of 3rd period - Slapshot by Drew Doughty.
5:12 of 3rd period - Stopped by Martin Jones without a rebound.
5:13 of 3rd period - Kevin Hayes wins face-off versus David Krejci in Sabres zone.
5:42 of 3rd period - Snap shot by Nicklas Backstrom.
5:42 of 3rd period - Stopped by Carey Price with a rebound.
5:48 of 3rd period - Slapshot by Nicklas Backstrom.
5:48 of 3rd period - Shot Blocked by Jeff Carter.
6:00 of 3rd period - Victor Rask is hit by Zach Hyman and loses puck.
6:27 of 3rd period - Wrist shot by Clayton Keller.
6:27 of 3rd period - Shot Misses the Net.
6:29 of 3rd period - Slapshot by Erik Gudbranson.
6:29 of 3rd period - Stopped by Carey Price with a rebound.
6:31 of 3rd period - Slapshot by Kevin Hayes.
6:31 of 3rd period - Stopped by Carey Price without a rebound.
6:32 of 3rd period - Nicklas Backstrom wins face-off versus Jeff Carter in Flames zone.
7:10 of 3rd period - Slapshot by Pavel Zacha.
7:10 of 3rd period - Deflect By Jeff Carter.
7:10 of 3rd period - Stopped by Martin Jones with a rebound.
7:12 of 3rd period - Snap shot by Alex Chiasson.
7:12 of 3rd period - Shot Misses the Net.
7:14 of 3rd period - Slapshot by David Savard.
7:14 of 3rd period - Shot Misses the Net.
7:30 of 3rd period - Pavel Zacha is hit by Zach Hyman and loses puck.
7:39 of 3rd period - Wrist shot by Jeff Carter.
7:39 of 3rd period - Shot Blocked by Zach Hyman.
8:05 of 3rd period - Filip Hronek is hit by Drew Doughty and loses puck.
8:14 of 3rd period - Slapshot by Alex Chiasson.
8:14 of 3rd period - Stopped by Martin Jones with a rebound.
8:16 of 3rd period - Wrist shot by Alex Chiasson.
8:16 of 3rd period - Shot Misses the Net.
8:18 of 3rd period - Slapshot by Drew Doughty.
8:18 of 3rd period - Shot Blocked by Joonas Donskoi.
8:20 of 3rd period - Slapshot by David Savard.
8:20 of 3rd period - Stopped by Martin Jones with a rebound.
8:48 of 3rd period - Snap shot by Pavel Zacha.
8:48 of 3rd period - Shot Blocked by Ivan Provorov.
8:50 of 3rd period - Wrist shot by Drew Doughty.
8:50 of 3rd period - Shot Blocked by Andre Burakovsky.
8:52 of 3rd period - Snap shot by David Savard.
8:52 of 3rd period - Shot Blocked by Filip Hronek.
8:54 of 3rd period - Slapshot by David Savard.
8:54 of 3rd period - Deflect By Ivan Provorov.
8:54 of 3rd period - Stopped by Martin Jones without a rebound.
8:55 of 3rd period - Rickard Rakell wins face-off versus David Krejci in Sabres zone.
10:07 of 3rd period - Snap shot by Andrew Copp.
10:07 of 3rd period - Stopped by Carey Price with a rebound.
10:13 of 3rd period - Kevan Miller is hit by Andrew Copp and loses puck.
10:32 of 3rd period - Wrist shot by Leo Komarov.
10:32 of 3rd period - Shot Misses the Net.
10:46 of 3rd period - Thomas Vanek is hit by Nick Jensen and loses puck.
10:57 of 3rd period - Nicklas Backstrom is hit by Victor Hedman and loses puck.
11:12 of 3rd period - Victor Hedman is hit by Kevin Shattenkirk and loses puck.
12:35 of 3rd period - Andre Burakovsky is hit by David Kampf and loses puck.
13:23 of 3rd period - Pavel Zacha is hit by Josh Anderson and loses puck.
15:27 of 3rd period - Andre Burakovsky is hit by Nick Jensen and loses puck.
16:23 of 3rd period - David Savard is hit by Nicklas Backstrom and loses puck.
18:57 of 3rd period - Wrist shot by Sam Reinhart.
18:57 of 3rd period - Stopped by Martin Jones with a rebound.
18:59 of 3rd period - Snap shot by Anders Lee.
18:59 of 3rd period - Shot Misses the Net.
19:01 of 3rd period - Flames, Carey Price is pulled from the net.
19:01 of 3rd period - Snap shot by Drew Doughty.
19:01 of 3rd period - Shot Misses the Net.
19:03 of 3rd period - Wrist shot by Drew Doughty.
19:03 of 3rd period - Shot Misses the Net.
19:05 of 3rd period - Snap shot by Sam Reinhart.
19:05 of 3rd period - Stopped by Martin Jones without a rebound.
19:06 of 3rd period - Mike Sullivan call a timeout for Flames.
19:06 of 3rd period - Andrew Copp wins face-off versus David Krejci in Sabres zone.
19:15 of 3rd period - Snap shot by Ivan Provorov.
19:15 of 3rd period - Shot Misses the Net.
19:23 of 3rd period - Slapshot by Anders Lee.
19:23 of 3rd period - Shot Misses the Net.
19:25 of 3rd period - Wrist shot by Anders Lee.
19:25 of 3rd period - Stopped by Martin Jones with a rebound.
19:27 of 3rd period - Wrist shot by Anders Lee.
19:27 of 3rd period - Stopped by Martin Jones without a rebound.
19:28 of 3rd period - Andrew Copp wins face-off versus David Krejci in Sabres zone.
19:49 of 3rd period - Slapshot by Sam Reinhart.
19:49 of 3rd period - Stopped by Martin Jones without a rebound.
19:50 of 3rd period - Andrew Copp wins face-off versus Sam Reinhart in Sabres zone.
Goals for this period are 0 for Sabres vs 0 for Flames.
Shots for this period are 6 for Sabres vs 12 for Flames. Output by the SimonT Hockey Simulator (STHS) for Eric Tremblay - Original Page W3C HTML5 Valid
Hockey Simulator - Hockey Simulation - Hockey Manager